[Event "*** Titled Tuesday Blitz"]
[Site "Chess.com"]
[Date "2018.06.05"]
[Round "9"]
[White "BillieKimbah"]
[Black "Infernal_XaM"]
[Result "1-0"]
[WhiteElo "2800"]
[BlackElo "2758"]
[TimeControl "180+2"]
[EndTime "15:05:56 PDT"]
[Termination "BillieKimbah won by resignation"]

1. Nf3 Nf6 2. g3 g6 3. Bg2 Bg7 4. O-O O-O 5. d4 b6 6. Ne5 d5 7. c4 Bb7 8. Nc3 e6 9. Bg5 h6 10. Bf4 Nbd7 11. Rc1 c6 12. cxd5 exd5 13. Nxd7 Nxd7 14.
e4 g5 15. Bd6 Re8 16. exd5 cxd5 17. Nxd5 Bxd5 18. Bxd5 Rc8 19. Rxc8 Qxc8 20. Qb3 Re2 21. Qf3 Rxb2 22. Qxf7+ Kh8 23. Be6 Bxd4 24. Bxd7 Bxf2+ 25. Rxf2 Qc1+ 26. Kg2 1-0

[Event "*** Titled Tuesday Blitz"]
[Site "Chess.com"]
[Date "2018.06.05"]
[Round "9"]
[White "OK97"]
[Black "DiogenesSinopeus"]
[Result "1-0"]
[WhiteElo "2662"]
[BlackElo "2438"]
[TimeControl "180+2"]
[EndTime "15:06:19 PDT"]
[Termination "OK97 won by resignation"]

1. c4 c5 2. Nf3 Nc6 3. d4 cxd4 4. Nxd4 Qb6 5. Nb3 e6 6. Nc3 Nf6 7. a3 d5 8. Be3 Qd8 9. cxd5 exd5 10. g3 Be6 11.
Bg2 Be7 12. O-O O-O 13. Nd4 Ne5 14. b3 Rc8 15. Qd2 Qd7 16. Nxe6 fxe6 17. Bxa7 b5 18. Bd4 Nc6 19. Nxb5 Qb7 20. a4 e5 21. Bb2 Bb4 22.
Bxd5+ 1-0

[Event "*** Titled Tuesday Blitz"]
[Site "Chess.com"]
[Date "2018.06.05"]
[Round "9"]
[White "GGX0X0"]
[Black "nurmiTV"]
[Result "0-1"]
[WhiteElo "2310"]
[BlackElo "2481"]
[TimeControl "180+2"]
[EndTime "15:06:23 PDT"]
[Termination "nurmiTV won by resignation"]

1. e4 c5 2. Nf3 e6 3. g3 Nc6 4. Bg2 g6 5. O-O Bg7 6. c3 Nge7 7.
d4 cxd4 8. cxd4 d5 9. e5 O-O 10. Nc3 h6 11. h4 Nf5 12. Bh3 Qb6 13. Bxf5 gxf5 14. Na4 Qc7 15. Bf4 b6 16. Rc1 Bd7 17.
Qd2 Kh7 18. Nc3 a6 19. h5 Rac8 20. Nh4 Qd8 21. f3 Rg8 22. Kh2 f6 23. exf6 Qxf6 24.
Rcd1 Nxd4 25. Ng6 Nc6 26. Rfe1 Be8 27. Rh1 d4 28. Ne2 e5 29. Bxe5 Nxe5 30. Nxe5 Qxe5 31. Nxd4 Rd8 0-1

[Event "*** Titled Tuesday Blitz"]
[Site "Chess.com"]
[Date "2018.06.05"]
[Round "9"]
[White "Vusatiuk_Vladimir"]
[Black "nitpicker"]
[Result "0-1"]
[WhiteElo "2152"]
[BlackElo "2059"]
[TimeControl "180+2"]
[EndTime "15:06:28 PDT"]
[Termination "nitpicker won by checkmate"]

1. e4 Nh6 2. d4 d5 3. Bxh6 gxh6 4. exd5 Qxd5 5. Nf3 Bg7 6. c4 Qd8 7. Nc3 Bf5 8. Bd3 Bg6 9. O-O Nc6 10. d5 Ne5 11.
Nxe5 Bxe5 12. Qd2 Qd6 13. g3 O-O-O 14. Rfe1 h5 15. Nb5 Qf6 16. Nxa7+ Kb8 17. Qa5 Bd4 18. Re2 Bxa7 19. Bxg6 hxg6 20. Rd1 h4 21. c5 Qf3 22.
Rde1 h3 23. Rxe7 Qg2# 0-1

[Event "*** Titled Tuesday Blitz"]
[Site "Chess.com"]
[Date "2018.06.05"]
[Round "9"]
[White "Xeniya2005"]
[Black "AndrewDGreen"]
[Result "1-0"]
[WhiteElo "1939"]
[BlackElo "2150"]
[TimeControl "180+2"]
[EndTime "15:06:36 PDT"]
[Termination "Xeniya2005 won by resignation"]

1. e4 c5 2. Nf3 g6 3. d4 cxd4 4. Nxd4 Nc6 5. Nc3 Bg7 6. Be3 Nf6 7. Nxc6 bxc6 8. e5 Nd5 9. Nxd5 cxd5 10. Qxd5 Rb8 11. O-O-O Bb7 12. Qc5 O-O 13. f4 f6 14.
exf6 Bxf6 15. c3 Be4 16. Bd3 Bxg2 17. Rhg1 Bf3 18. Rdf1 Bc6 19. f5 Qc7 20. fxg6 Qxh2 21. gxh7+ Kh8 22. Qa3 Rfc8 23. Bc2 Bb5 24. Rxf6 exf6 25.
Qe7 1-0

[Event "*** Titled Tuesday Blitz"]
[Site "Chess.com"]
[Date "2018.06.05"]
[Round "9"]
[White "LuisFSiles"]
[Black "aqmarkin"]
[Result "1-0"]
[WhiteElo "2149"]
[BlackElo "2207"]
[TimeControl "180+2"]
[EndTime "15:06:46 PDT"]
[Termination "LuisFSiles won by resignation"]

1. d4 d5 2. c4 c6 3. cxd5 cxd5 4. Bf4 Nc6 5. e3 Nf6 6. Nc3 a6 7. Bd3 e6 8. Rc1 Bd6 9. Bxd6 Qxd6 10. f4 b5 11. Nf3 Bd7 12. O-O Qe7 13. Ne5 O-O 14.
Rf3 g6 15. Qe1 Nxe5 16. fxe5 Ne8 17. Qg3 Rc8 18. Rcf1 Ng7 19. Rf6 Rc7 20. Qg5 Bc6 21.
Qh6 Rb7 22. R1f3 Nh5 23. Rh3 Rc8 24. Rxh5 1-0

[Event "*** Titled Tuesday Blitz"]
[Site "Chess.com"]
[Date "2018.06.05"]
[Round "9"]
[White "Angry_Serb"]
[Black "goodtimes2020"]
[Result "1-0"]
[WhiteElo "2465"]
[BlackElo "2276"]
[TimeControl "180+2"]
[EndTime "15:06:51 PDT"]
[Termination "Angry_Serb won by resignation"]

1. e4 e6 2. d4 d5 3. Nc3 Nf6 4. exd5 exd5 5. Bg5 Bb4 6. Bd3 h6 7. Bf4 Bg4 8. f3 Be6 9. Ne2 Nc6 10. a3 Ba5 11.
Qd2 a6 12. g4 Qe7 13. O-O-O O-O-O 14. Qe3 Rhe8 15. Na4 Kb8 16. Qf2 g5 17. Bg3 Bc8 18. Kb1 Qe3 19. Qxe3 Rxe3 20. b4 Bb6 21. Nxb6 Rxf3 22.
Nxc8 Kxc8 23. Rdf1 Rxf1+ 24. Rxf1 Ne4 25. Rxf7 Nxg3 26.
hxg3 Re8 27. Kc1 1-0

[Event "*** Titled Tuesday Blitz"]
[Site "Chess.com"]
[Date "2018.06.05"]
[Round "9"]
[White "GMCanty"]
[Black "Triumphmate"]
[Result "1-0"]
[WhiteElo "2204"]
[BlackElo "2124"]
[TimeControl "180+2"]
[EndTime "15:07:00 PDT"]
[Termination "GMCanty won by checkmate"]

1. e4 d5 2. exd5 Nf6 3. d4 Bg4 4. Be2 Bxe2 5. Nxe2 Qxd5 6. O-O Nc6 7. Be3 O-O-O 8.
Nd2 e5 9. c4 Qd7 10. d5 Ne7 11. Bxa7 Nf5 12. Be3 Bd6 13. b4 e4 14. c5 Be5 15. Rc1 Qxd5 16. Qa4 Nxe3 17. fxe3 Qxd2 18. c6 Qxe3+ 19. Kh1 bxc6 20. Qxc6 Qxe2 21. b5 Qh5 22. h3 Rd6 23. Qxc7# 1-0

[Event "*** Titled Tuesday Blitz"]
[Site "Chess.com"]
[Date "2018.06.05"]
[Round "9"]
[White "fyall777"]
[Black "VovenRogel"]
[Result "0-1"]
[WhiteElo "2322"]
[BlackElo "2635"]
[TimeControl "180+2"]
[EndTime "15:07:08 PDT"]
[Termination "VovenRogel won on time"]

1. d4 d5 2. Nf3 Nf6 3. c4 c6 4. Nbd2 Bf5 5. g3 e6 6. Bg2 h6 7. O-O Nbd7 8. b3 Bd6 9. Bb2 O-O 10.
Ne5 Qe7 11. a4 a5 12. Re1 Bb4 13. f3 Nxe5 14. dxe5 Nd7 15. Qc1 Nc5 16. Bc3 Na6 17. e4 dxe4 18. Nxe4 Bxe4 19. Rxe4 Rfd8 20. Bf1 Rd7 21.
Bxb4 Qxb4 22. Qe3 Rad8 23. c5 Rd4 24. Bxa6 Rxe4 25. fxe4 bxa6 26. Rc1 Qd2 27. Rc3 Qb2 28. Rd3 Qb1+ 0-1

[Event "*** Titled Tuesday Blitz"]
[Site "Chess.com"]
[Date "2018.06.05"]
[Round "9"]
[White "gmjlh"]
[Black "NDePinEsPeRG"]
[Result "0-1"]
[WhiteElo "2614"]
[BlackElo "2643"]
[TimeControl "180+2"]
[EndTime "15:07:27 PDT"]
[Termination "NDePinEsPeRG won on time"]

1. d4 Nf6 2. Nf3 c5 3. d5 d6 4. Nc3 g6 5. e4 Bg7 6. h3 O-O 7. Be2 e6 8. O-O exd5 9. exd5 Na6 10.
a4 Nb4 11. Bc4 Bf5 12. Ne1 Re8 13. Na2 Re4 14. Bb3 Nxa2 15. Bxa2 Rxa4 16. g4 Nxg4 17. hxg4 Rxg4+ 18. Ng2 Qh4 19. Bf4 Rxg2+ 20. Kxg2 Bh3+ 21. Kg1 Qxf4 0-1

[Event "*** Titled Tuesday Blitz"]
[Site "Chess.com"]
[Date "2018.06.05"]
[Round "9"]
[White "olomi007"]
[Black "NormWeinstein"]
[Result "1-0"]
[WhiteElo "2642"]
[BlackElo "2372"]
[TimeControl "180+2"]
[EndTime "15:07:32 PDT"]
[Termination "olomi007 won by resignation"]

1. e4 c5 2. Nf3 d6 3. d4 Nf6 4.
Nc3 cxd4 5. Nxd4 Nc6 6. Bg5 e6 7.
Qd2 Be7 8. O-O-O O-O 9. f4 d5 10. exd5 exd5 11. Be2 Re8 12. Bf3 h6 13. Bh4 Bd7 14.
Rhe1 Ne4 15. Bxe7 Nxd2 16. Bxd8 Nxf3 17. Rxe8+ Bxe8 18. Nxf3 Rxd8 19. Rxd5 Rxd5 20. Nxd5 Bd7 21. Ne5 Nxe5 22. fxe5 Kf8 23. Kd2 Bc6 24. c4 b5 25. b3 bxc4 26. bxc4 Ke8 27. Ke3 Kd7 28. Kd4 Ke6 29. g3 Ba4 30. Nc7+ Kf5 31. Nb5 a6 32. Nd6+ Ke6 33. Ne4 Kf5 34. Nc5 Bc6 35. Nxa6 Kg4 36. Nb8 Bb7 37. c5 Kh3 38. c6 Bc8 39. a4 Kxh2 40. a5 1-0

[Event "*** Titled Tuesday Blitz"]
[Site "Chess.com"]
[Date "2018.06.05"]
[Round "9"]
[White "Shivagami"]
[Black "tan275"]
[Result "0-1"]
[WhiteElo "2028"]
[BlackElo "1989"]
[TimeControl "180+2"]
[EndTime "15:07:39 PDT"]
[Termination "tan275 won by resignation"]

1. Nc3 c5 2. e4 g6 3. g3 Bg7 4. Bg2 Nc6 5. d3 e6 6. Nf3 Nge7 7. O-O O-O 8. Ne1 d5 9. f4 Bd7 10. exd5 exd5 11. Nxd5 Nxd5 12. Bxd5 Bd4+ 13. Kh1 Bh3 14. Bg2 Bxg2+ 15. Nxg2 Re8 16. c3 Bg7 17. Be3 Qd5 18. Qd2 Rad8 19. Rad1 b5 20. f5 Ne5 21.
f6 Bf8 22. Qc2 Nxd3 23. Kg1 c4 24. Bd4 Bc5 25. Bxc5 Qxc5+ 26. Kh1 Nf2+ 27. Rxf2 Rxd1+ 28. Qxd1 Qxf2 29. b3 Qxf6 30. bxc4 bxc4 31. Qc1 Qf3 32. Kg1 Re2 0-1

[Event "*** Titled Tuesday Blitz"]
[Site "Chess.com"]
[Date "2018.06.05"]
[Round "9"]
[White "VNeimer"]
[Black "andrewtnb"]
[Result "1-0"]
[WhiteElo "2493"]
[BlackElo "2384"]
[TimeControl "180+2"]
[EndTime "15:07:42 PDT"]
[Termination "VNeimer won by resignation"]

1. d4 d5 2. Nf3 Nf6 3. g3 c6 4. Bg2 Bg4 5. O-O Nbd7 6. b3 e6 7. Bb2 Be7 8. c4 O-O 9. Nbd2 a5 10. h3 Bxf3 11. Bxf3 a4 12. e4 b5 13. e5 Ne8 14.
cxb5 cxb5 15. Be2 Qa5 16. Nf3 Nc7 17. Rc1 a3 18. Bc3 b4 19. Bd2 Nb5 20. Qc2 Rfb8 21.
Qd3 Nf8 22. h4 h6 23. g4 Ng6 24. h5 Nh4 25. Nxh4 Bxh4 26. f4 Be7 27. f5 Bg5 28.
Bxg5 hxg5 29. fxe6 fxe6 30. Qg6 Nxd4 31. Bd3 1-0

[Event "*** Titled Tuesday Blitz"]
[Site "Chess.com"]
[Date "2018.06.05"]
[Round "9"]
[White "Zhuu96"]
[Black "The_Unbeatable_One"]
[Result "1-0"]
[WhiteElo "2914"]
[BlackElo "2654"]
[TimeControl "180+2"]
[EndTime "15:07:44 PDT"]
[Termination "Zhuu96 won by resignation"]

1. e4 e5 2. Nf3 Nc6 3. Bb5 a6 4. Ba4 Nf6 5. d3 b5 6. Bb3 Bc5 7. a4 Rb8 8. Nc3 d6 9. axb5 axb5 10. h3 h6 11. Ne2 Be6 12. c3 Qe7 13. O-O O-O 14.
Bc2 d5 15. exd5 Bxd5 16. Ng3 Qd7 17. Re1 Rfe8 18. b4 Bb6 19. Ne4 Qe7 20. Bb3 Nxe4 21. dxe4 Bxb3 22. Qxb3 Qe6 23. Qxe6 Rxe6 24. Rd1 Kf8 25.
Kf1 Ke7 26. Rd5 Rd6 27. Nxe5 Nxe5 28. Rxe5+ Kd7 29. Rxb5 Re8 30. Bf4 Rd3 31. Rd5+ Rxd5 32. exd5 Re4 33. Bd2 Kd6 34. Rd1 Rc4 35. Ke2 Kxd5 36.
Bxh6+ Ke6 37. Bxg7 f6 38. Rd3 Rf4 39. Rf3 Re4+ 40.
Kd3 f5 41. Bd4 1-0

[Event "*** Titled Tuesday Blitz"]
[Site "Chess.com"]
[Date "2018.06.05"]
[Round "9"]
[White "AsaHoffmann"]
[Black "ruvat"]
[Result "0-1"]
[WhiteElo "2026"]
[BlackElo "2254"]
[TimeControl "180+2"]
[EndTime "15:07:54 PDT"]
[Termination "ruvat won by resignation"]

1. d4 d6 2. e4 Nf6 3. f3 g6 4. Be3 c6 5. Nc3 Bg7 6. Qd2 b5 7. O-O-O Qa5 8. Kb1 b4 9. Nce2 Nbd7 10. Nc1 Rb8 11. Bc4 d5 12. exd5 Nb6 13. Bb3 cxd5 14. Bf4 Rb7 15. Nge2 Nc4 16. Qe1 Qb5 17. Nd3 a5 18.
Ne5 O-O 19. Qh4 a4 20. Bxc4 dxc4 21. Bh6 c3 22. Bxg7 Kxg7 23. Qf4 cxb2 24. h4 Nd5 25.
Qd2 b3 26. cxb3 axb3 27. a3 Ra7 28. Kxb2 Qa4 29. Ra1 Bf5 30. h5 Rc8 31. Rhc1 Rac7 32. hxg6 Rc2+ 33. Rxc2 Rxc2+ 34. Qxc2 bxc2 35. gxf7 Qb5+ 0-1

[Event "*** Titled Tuesday Blitz"]
[Site "Chess.com"]
[Date "2018.06.05"]
[Round "9"]
[White "Robert_Chessmood"]
[Black "SergeiAza"]
[Result "0-1"]
[WhiteElo "2716"]
[BlackElo "2649"]
[TimeControl "180+2"]
[EndTime "15:08:01 PDT"]
[Termination "SergeiAza won by resignation"]

1. e4 c5 2. Nf3 Nc6 3. d4 cxd4 4. Nxd4 Qb6 5. Nb3 Nf6 6. Nc3 e6 7. Qe2 Bb4 8. Bd2 O-O 9. g4 d5 10. Bg2 d4 11. Na4 Bxd2+ 12. Qxd2 Qb5 13. Nac5 Nxg4 14.
Rg1 Qb4 15. c3 dxc3 16. bxc3 Qb6 17. Bh1 Nge5 18. O-O-O a5 19. a4 Qc7 20. f4 Nc4 21. Rxg7+ Kxg7 22. Qd4+ Nxd4 0-1

[Event "*** Titled Tuesday Blitz"]
[Site "Chess.com"]
[Date "2018.06.05"]
[Round "9"]
[White "UNDERTAKER2001"]
[Black "GameOverBro"]
[Result "1-0"]
[WhiteElo "2370"]
[BlackElo "2371"]
[TimeControl "180+2"]
[EndTime "15:08:05 PDT"]
[Termination "UNDERTAKER2001 won by resignation"]

1. d4 d6 2. c4 Nf6 3. Nc3 Nbd7 4. Nf3 e5 5. d5 a5 6. e4 Nc5 7. h3 Ncxe4 8. Nxe4 Nxe4 9. Bd3 Nc5 10. O-O Be7 11. Bc2 O-O 12. Be3 b6 13. a3 f5 14. b4 axb4 15.
axb4 Rxa1 16. Qxa1 Nd7 17. c5 bxc5 18. bxc5 f4 19. cxd6 Bxd6 20. Bc1 Nf6 21. Nxe5 Bxe5 22. Qxe5 f3 23. g4 Re8 24. Qc3 Nxd5 25. Bb3 c6 26. Qxc6 Be6 27. Re1 h5 28. Rxe6 1-0

[Event "*** Titled Tuesday Blitz"]
[Site "Chess.com"]
[Date "2018.06.05"]
[Round "9"]
[White "51616516516"]
[Black "savinspm"]
[Result "1-0"]
[WhiteElo "2297"]
[BlackElo "2130"]
[TimeControl "180+2"]
[EndTime "15:08:08 PDT"]
[Termination "51616516516 won by resignation"]

1. d4 Nf6 2. c4 e6 3. Nc3 Bb4 4. Qc2 b6 5. e4 Bb7 6. e5 Ne4 7.
Nf3 c5 8. Bd3 Bxc3+ 9. bxc3 f5 10. exf6 Nxf6 11. Bg5 h6 12. Bg6+ Ke7 13. Bh4 d6 14.
O-O-O Nd7 15. Rde1 Nf8 16. Bf5 Bxf3 17. gxf3 g5 18. Bg3 Kf7 19. Be4 Rc8 20. d5 e5 21. Bf5 Rb8 22. h4 Nh5 23. hxg5 Qxg5+ 24. Kb1 Nxg3 25. fxg3 b5 26. f4 bxc4+ 27. Ka1 Qf6 28. fxe5 dxe5 29. Rhf1 Kg7 30. Be6 Qg6 31. Rf7+ Qxf7 32.
Bxf7 Kxf7 33. Qf5+ Kg7 34. Qxe5+ Kg8 35. Qxb8 1-0

[Event "*** Titled Tuesday Blitz"]
[Site "Chess.com"]
[Date "2018.06.05"]
[Round "9"]
[White "Vamostodorecto"]
[Black "FranklinAPalomo"]
[Result "1-0"]
[WhiteElo "2355"]
[BlackElo "2329"]
[TimeControl "180+2"]
[EndTime "15:08:08 PDT"]
[Termination "Vamostodorecto won by resignation"]

1. d4 c5 2. d5 d6 3. c4 Nf6 4. Nc3 g6 5. e4 Bg7 6. Bd3 O-O 7. Nge2 a6 8. Bg5 Nbd7 9. Qd2 Rb8 10. a4 Ne5 11. O-O h6 12. Bh4 Kh7 13. f4 Nxd3 14.
Qxd3 b5 15. axb5 axb5 16. cxb5 Ne8 17. Kh1 Bd7 18. Ng3 Nc7 19. e5 Nxb5 20. e6 fxe6 21. dxe6 Nxc3 22. exd7 Rxb2 23. f5 Qxd7 24. fxg6+ Kg8 25.
Rxf8+ Bxf8 26. Qxc3 Qb5 27. Rf1 Rb1 28. Qf3 Rxf1+ 29.
Nxf1 Qc4 30. h3 Qe6 31. Qh5 Kg7 32. Ng3 Qxg6 33. Nf5+ Kh7 34. Qxg6+ Kxg6 35. Bxe7 Bxe7 36.
Nxe7+ Kf6 37. Nc6 d5 38. Kg1 Kf5 39. Kf2 Ke4 40. Ke2 d4 41. Na5 Kf4 42. Nb3 Kg3 43.
Kf1 d3 44. Nxc5 d2 45. Ne4+ 1-0

[Event "*** Titled Tuesday Blitz"]
[Site "Chess.com"]
[Date "2018.06.05"]
[Round "9"]
[White "mazetofonias"]
[Black "BasilSmash"]
[Result "0-1"]
[WhiteElo "2527"]
[BlackElo "2424"]
[TimeControl "180+2"]
[EndTime "15:08:09 PDT"]
[Termination "BasilSmash won by resignation"]

1. d4 d5 2. c4 e6 3. Nf3 Nf6 4. g3 Be7 5. Bg2 O-O 6. O-O dxc4 7. Ne5 c5 8. dxc5 Qc7 9. Nxc4 Qxc5 10. Nba3 Rd8 11. Qb3 Nc6 12. Be3 Qh5 13. Bxc6 Ng4 14.
h4 bxc6 15. Rfd1 Bxh4 16. gxh4 Rxd1+ 17. Rxd1 Qxh4 18. Bf4 Qxf2+ 19. Kh1 Ba6 20. Qf3 Qxf3+ 21. exf3 Nf2+ 22. Kg2 Nxd1 23. Na5 Nxb2 24. Nxc6 f6 25. Be3 Bb7 26. Nxa7 Bd5 27. N3b5 Bxa2 28. Nc7 Rb8 29. Nc6 Rb7 30. Na6 Bd5 31. Ncb4 Nc4 32.
Bf2 Ne5 33. Nc2 Nxf3 34. Kg3 Ng5 35. Nc5 Ne4+ 36. Nxe4 Bxe4 37. Nd4 Bd5 0-1

[Event "*** Titled Tuesday Blitz"]
[Site "Chess.com"]
[Date "2018.06.05"]
[Round "9"]
[White "sere99"]
[Black "Jooonaaas1996"]
[Result "1-0"]
[WhiteElo "2285"]
[BlackElo "2296"]
[TimeControl "180+2"]
[EndTime "15:08:18 PDT"]
[Termination "sere99 won by resignation"]

1. d4 Nf6 2. c4 e6 3. Nc3 Bb4 4. Qc2 d5 5. cxd5 Qxd5 6. Nf3 Qf5 7. Qxf5 exf5 8. Bd2 c6 9. e3 Be6 10. Bd3 g6 11. O-O Nbd7 12. a3 Be7 13. b4 O-O 14. b5 c5 15. Na4 Nd5 16. dxc5 Nxc5 17. Nxc5 Bxc5 18. Rfc1 Bb6 19. a4 Rac8 20. a5 Bd8 21.
Nd4 Be7 22. a6 bxa6 23. bxa6 Bf6 24. Rab1 Bxd4 25. exd4 Rxc1+ 26. Bxc1 Rc8 27. Bd2 Rc6 28. Rb7 Nb6 29. Rxa7 Bc4 30. Bxc4 Rxc4 31. g3 h5 32. Kg2 Rxd4 33. Be3 Rd6 34. Rb7 Nd5 35. a7 Nxe3+ 36. fxe3 Rd2+ 37. Kf3 Ra2 38. Rb8+ 1-0

[Event "*** Titled Tuesday Blitz"]
[Site "Chess.com"]
[Date "2018.06.05"]
[Round "9"]
[White "hansen"]
[Black "Alexander_Moskalenko"]
[Result "1-0"]
[WhiteElo "2788"]
[BlackElo "2776"]
[TimeControl "180+2"]
[EndTime "15:08:20 PDT"]
[Termination "hansen won by resignation"]

1. e4 d6 2. d4 Nf6 3. Nc3 e5 4. Nf3 Nbd7 5. Bc4 Be7 6. a4 O-O 7. O-O a6 8. a5 c6 9. Re1 Nxe4 10. Rxe4 d5 11. Bxd5 cxd5 12. Nxd5 f5 13. Nxe7+ Qxe7 14. Bg5 Qb4 15. Re3 e4 16. Ne5 Nxe5 17. dxe5 Qxb2 18.
Qd5+ Kh8 19. Rae1 Re8 20. c3 Be6 21. Qd6 h5 22. Rh3 Bf7 23. Rg3 Re6 24. Qd7 Rf8 25.
Be7 Re8 26. Bd6 Kg8 27. h4 f4 28. Rg5 Qd2 29. Rxg7+ Kh8 30. Qxf7 Qxe1+ 31. Kh2 Rh6 32. Bf8 1-0

[Event "*** Titled Tuesday Blitz"]
[Site "Chess.com"]
[Date "2018.06.05"]
[Round "9"]
[White "lionheart95"]
[Black "littleplotkin"]
[Result "0-1"]
[WhiteElo "2391"]
[BlackElo "2470"]
[TimeControl "180+2"]
[EndTime "15:08:22 PDT"]
[Termination "littleplotkin won by resignation"]

1. e4 g6 2. Nf3 Bg7 3. d4 d6 4. h4 Nf6 5. h5 Nxe4 6. h6 Bf6 7.
Bd3 d5 8. Nbd2 Nxd2 9. Bxd2 c5 10. dxc5 Bxb2 11. Rb1 Bf6 12. Qe2 Nc6 13. g4 O-O 14. g5 Bh8 15. c4 Be6 16. Rxb7 Rb8 17. Rxb8 Qxb8 18. O-O Nd4 19. Nxd4 Bxd4 20. Be3 Bxe3 21. Qxe3 dxc4 22. Be4 Qe5 23. c6 f5 24. gxf6 exf6 25. f4 Qd6 26. Qxa7 Bf7 27. Qd7 Qc5+ 28. Rf2 c3 29. c7 Re8 30. a4 c2 31. Bxc2 Re1+ 32. Kg2 Bd5+ 33. Kh3 Qe3+ 34. Kh4 Qxf2+ 0-1

[Event "*** Titled Tuesday Blitz"]
[Site "Chess.com"]
[Date "2018.06.05"]
[Round "9"]
[White "OparinGrigoriy"]
[Black "Amirreza_p"]
[Result "1-0"]
[WhiteElo "2894"]
[BlackElo "2714"]
[TimeControl "180+2"]
[EndTime "15:08:35 PDT"]
[Termination "OparinGrigoriy won by resignation"]

1. Nf3 d5 2. g3 c6 3. Bg2 Bg4 4.
O-O e6 5. c4 Nd7 6. d3 Ngf6 7.
cxd5 exd5 8. Nc3 Bc5 9. Qb3 Bb6 10. Na4 O-O 11. Nxb6 Qxb6 12. Qc2 Rfe8 13. b3 c5 14. e3 d4 15. e4 Rac8 16. h3 Bxf3 17. Bxf3 Ne5 18. Bg2 Nc6 19. a3 a5 20. Rb1 Na7 21. Bb2 Nb5 22. Rfc1 Qd8 23. f4 b6 24. Qf2 Qd7 25.
a4 Na7 26. Qf3 Rcd8 27. g4 Qe7 28. g5 Nd7 29. e5 Rc8 30. Re1 Nc6 31. h4 Nb4 32. h5 Qe6 33. Bh3 Qe7 34. Re4 Rcd8 35. Rf1 Nb8 36. Bc1 N8c6 37. Qg3 Qc7 38. f5 Nxe5 39.
Bf4 Nbc6 40. Rfe1 Rd5 41. f6 Qd8 42. Bxe5 Nxe5 43. Rxe5 1-0

[Event "*** Titled Tuesday Blitz"]
[Site "Chess.com"]
[Date "2018.06.05"]
[Round "9"]
[White "gpeloui"]
[Black "dawtonlms"]
[Result "0-1"]
[WhiteElo "2292"]
[BlackElo "2386"]
[TimeControl "180+2"]
[EndTime "15:08:37 PDT"]
[Termination "dawtonlms won by resignation"]

1. e4 c5 2. Nf3 d6 3. Bb5+ Nd7 4. c3 a6 5. Ba4 b5 6. Bc2 e6 7. Qe2 Be7 8. d4 cxd4 9. cxd4 Ngf6 10. a4 Qa5+ 11. Bd2 b4 12. Na3 Rb8 13. Nc4 Qc7 14. e5 dxe5 15. dxe5 Nd5 16. O-O a5 17. Bd3 Nc5 18.
Rac1 O-O 19. Nd6 Bxd6 20. Bxh7+ Kxh7 21. Ng5+ Kg6 22. Qg4 f5 23. Qh4 Bxe5 24. Qh7+ Kf6 25. Nf3 Bd6 26. Bg5+ Kf7 27. Qh5+ Kg8 28. Qh4 Ba6 29.
Rfd1 Be2 30. Bd2 Bxf3 0-1

[Event "*** Titled Tuesday Blitz"]
[Site "Chess.com"]
[Date "2018.06.05"]
[Round "9"]
[White "RDMGUY01"]
[Black "BlackBoarder"]
[Result "1-0"]
[WhiteElo "2384"]
[BlackElo "2259"]
[TimeControl "180+2"]
[EndTime "15:08:38 PDT"]
[Termination "RDMGUY01 won by resignation"]

1. d4 Nf6 2. c4 e6 3. Nc3 Bb4 4. Qc2 O-O 5. a3 Bxc3+ 6. Qxc3 b5 7. cxb5 c6 8. bxc6 Nxc6 9. Bg5 a5 10. e3 Qb6 11. Bxf6 gxf6 12. Nf3 Ba6 13. Bxa6 Qxa6 14. d5 Ne7 15. Qxf6 Nxd5 16. Qd4 Rfc8 17. Ne5 Rc2 18. Nd3 Rc4 19. Qe5 Rc2 20. Rd1 Rac8 21.
O-O f6 22. Qg3+ Kh8 23. Nf4 Rg8 24. Qh4 Nxf4 25. Qxf6+ Rg7 26. Qxf4 Qc6 27. e4 Rxb2 28. Qf8+ Rg8 29. Qf6+ Rg7 30. Qxb2 Qxe4 31. f3 1-0

[Event "*** Titled Tuesday Blitz"]
[Site "Chess.com"]
[Date "2018.06.05"]
[Round "9"]
[White "akashcheck"]
[Black "Jadeit90"]
[Result "0-1"]
[WhiteElo "2161"]
[BlackElo "2194"]
[TimeControl "180+2"]
[EndTime "15:08:45 PDT"]
[Termination "Jadeit90 won by resignation"]

1. e4 g6 2. d4 Bg7 3. Nc3 c5 4. d5 d6 5. Nf3 Nf6 6. Be2 O-O 7. O-O e6 8. dxe6 Bxe6 9. Bf4 d5 10. exd5 Nxd5 11.
Nxd5 Bxd5 12. c3 Nc6 13. Qd2 Re8 14. Rfe1 Be6 15. Rad1 Qxd2 16. Rxd2 Bxa2 17. Ra1 Be6 18. Be3 b6 19. Bb5 Rec8 20. Bf4 Na5 21. Re1 Nb3 22. Rd6 a6 23. Bc6 Ra7 24. Ng5 Bf8 25. Rdxe6 fxe6 26.
Bf3 Bh6 27. Nxe6 Bxf4 28. Nxf4 Kg7 29. Bd5 c4 30. Ne6+ Kf6 31. g4 Re7 32. f4 Rce8 33. g5+ Kf5 34. Re5+ Kg4 35. Kg2 Rxe6 36. Rxe6 Rxe6 37.
Bxe6+ Kxf4 38. Bxc4 Nc5 39. h4 Kg4 40. Bg8 Kxh4 41.
Bxh7 Kxg5 42. Bg8 Na4 43. Bc4 b5 44. Bd5 Nxb2 45. Bb7 Na4 46. Bxa6 Nxc3 47. Kf3 b4 48. Ke3 b3 0-1

[Event "*** Titled Tuesday Blitz"]
[Site "Chess.com"]
[Date "2018.06.05"]
[Round "9"]
[White "lucasmito"]
[Black "Quiet_Desperation"]
[Result "1-0"]
[WhiteElo "2334"]
[BlackElo "2366"]
[TimeControl "180+2"]
[EndTime "15:08:45 PDT"]
[Termination "lucasmito won by resignation"]

1. e4 Nc6 2. d4 d5 3. exd5 Qxd5 4. Nf3 e5 5. Nc3 Bb4 6. Bd2 Bxc3 7. bxc3 Bg4 8. Be2 Nge7 9. O-O exd4 10. cxd4 O-O-O 11. c4 Qd6 12. d5 Bxf3 13. Bxf3 Ne5 14. Be2 Rhe8 15.
Qa4 Kb8 16. Be3 Nc8 17. Rfd1 h5 18. c5 Qg6 19. Rab1 Ng4 20. Ba6 b6 21. Bxc8 Nxe3 22. fxe3 Rxc8 23. Qa6 Ka8 24. d6 cxd6 25. cxb6 1-0

[Event "*** Titled Tuesday Blitz"]
[Site "Chess.com"]
[Date "2018.06.05"]
[Round "9"]
[White "Litti"]
[Black "enriquetejedor"]
[Result "1-0"]
[WhiteElo "2336"]
[BlackElo "2514"]
[TimeControl "180+2"]
[EndTime "15:08:50 PDT"]
[Termination "Litti won by resignation"]

1. e4 c5 2. Nf3 e6 3. d4 cxd4 4.
Nxd4 Nf6 5. Nc3 Bb4 6. e5 Nd5 7.
Qg4 O-O 8. Bh6 g6 9. Bxf8 Kxf8 10. Bd3 Nxc3 11. a3 Ba5 12. O-O Nd5 13. c4 Ne7 14. b4 Bc7 15. f4 Nbc6 16. Nf3 d5 17. exd6 Qxd6 18. Rad1 e5 19. Qh4 Kg7 20. Ng5 h6 21. Nxf7 Kxf7 22. fxe5+ Nf5 23. exd6 Bd8 24. Bxf5 Bxh4 25. Bxc8+ Ke8 26. Bxb7 Nxb4 27. d7+ Ke7 28.
Bxa8 Kd8 29. Rf8+ Kc7 30. axb4 a6 31. Rc8+ Kb6 32. d8=Q+ Bxd8 33. Rdxd8 a5 34. Rd6+ Ka7 35. Rc7+ Kb8 36. Rh7 Kc8 37. Rxg6 1-0

[Event "*** Titled Tuesday Blitz"]
[Site "Chess.com"]
[Date "2018.06.05"]
[Round "9"]
[White "Flawless2018"]
[Black "Siemba"]
[Result "1-0"]
[WhiteElo "2480"]
[BlackElo "2052"]
[TimeControl "180+2"]
[EndTime "15:08:50 PDT"]
[Termination "Flawless2018 won by resignation"]

1. e4 c5 2. Nf3 d6 3. Bb5+ Bd7 4. Bxd7+ Nxd7 5. O-O Ngf6 6. Qe2 e6 7. c3 Be7 8. d4 cxd4 9. cxd4 d5 10. e5 Ne4 11.
Ne1 f6 12. f3 Ng5 13. h4 Nf7 14. f4 f5 15. Nc3 Bxh4 16. Nf3 Be7 17. Nxd5 exd5 18.
e6 Nd6 19. exd7+ Qxd7 20. Re1 Ne4 21. Ne5 Qe6 22. Qb5+ Kf8 23. Qxb7 Rd8 24. Be3 h5 25. Rac1 Bd6 26. Re2 h4 27. Rc6 h3 28. gxh3 Rxh3 29.
Rg2 Rg3 30. Rxg3 Nxg3 31. Qa6 Ne4 32. Qxa7 Qe8 33. Qb6 Kg8 34. a4 Rb8 35. Qa6 Bxe5 36. fxe5 Kh7 37. Rc2 Kg8 38. a5 Ra8 39. Qb7 Rxa5 40.
Rc8 1-0